 Dungeon Crawl Stone Soup version 0.30-a0-1008-g30c9307041 (webtiles) character file.

Game seed: 14856809623135565968

500770 BubbleThief the Slayer (level 24, -1/214 HPs)
             Began as a Demonspawn Necromancer on Mar 13, 2023.
             Was the Champion of Kikubaaqudgha.
             Killed from afar by a frost giant (61 damage)
             ... with a bolt of cold
             ... on level 3 of the Depths on Apr 5, 2023.
             The game lasted 02:37:42 (58607 turns).

BubbleThief the Slayer (Demonspawn Necromancer)    Turns: 58607, Time: 02:37:44

Health: -1/214     AC: 17    Str: 21      XL:     24   Next: 4%
Magic:  42/42      EV: 22    Int: 19 (22) God:    Kikubaaqudgha [******]
Gold:   707        SH:  0    Dex: 16      Spells: 11/53 levels left

rFire   + . .      SeeInvis .    W - +12 pair of quick blades "Gyre" and "Gimble" {protect}
rCold   . . .      Faith    .    (shield currently unavailable)
rNeg    . . .      Spirit   .    b - +0 swamp dragon scales
rPois   +          Reflect  .    l - +4 hat of Vusiyt {rPois}
rElec   +          Rampage  .    (cloak unavailable)
rCorr   .                        (gloves unavailable)
Will    +....                    t - +2 pair of boots {Fly} Stlth
                                 n - amulet of Sumu {RegenMP rPois Regen+ Int+2}
HPRegen 1.35/turn                f - +5 ring of evasion
MPRegen 0.68/turn                v - ring of Zoguloagarr {rElec rF+ Str+6}

@: confused, flying
A: claws 3, horns 2, demonic guardian 3, powered by death 3, corrupting presence
2, weakness stinger 3
}: 2/15 runes: decaying, serpentine
a: Renounce Religion, Unearth Wretches, Torment


You were on level 3 of the Depths.
You worshipped Kikubaaqudgha.
Kikubaaqudgha was exalted by your worship.
You visited 8 branches of the dungeon, and saw 39 of its levels.
You visited the Abyss 1 time.
You also visited: Trove, Bailey and Ice Cave.

You collected 6520 gold pieces.
You spent 5813 gold pieces at shops.

Inventory:

Hand Weapons
 W - the +12 pair of quick blades "Gyre" and "Gimble" (weapon) {protect}
   (You bought it in a shop on level 8 of the Dungeon)
Armour
 b - +0 swamp dragon scales (worn)
 l - the +4 hat of Vusiyt (worn) {rPois}
   (You found it on level 1 of the Vaults)

   rPois:     It protects you from poison.
 t - a +2 pair of boots of flying (worn)
Jewellery
 f - a +5 ring of evasion (left claw)
 n - the amulet of Sumu (around neck) {RegenMP rPois Regen+ Int+2}
   (You bought it in a shop on level 1 of the Depths)

   [amulet of magic regeneration]

   It increases your rate of magic regeneration.
   Int:       It affects your intelligence (+2).
   rPois:     It protects you from poison.
   Regen:     It increases your rate of health regeneration.
 r - a +6 ring of intelligence
 s - a ring of positive energy
 v - the ring of Zoguloagarr (right claw) {rElec rF+ Str+6}
   (You bought it in a shop on level 14 of the Dungeon)

   [ring of strength]

   Str:       It affects your strength (+6).
   rF:        It protects you from fire.
   rElec:     It insulates you from electricity.
 J - a ring of protection from cold
 S - a ring of flight
 X - a ring of protection from fire
Wands
 u - a wand of roots (39)
 R - a wand of quicksilver (10)
Scrolls
 c - 12 scrolls of teleportation
 d - 4 scrolls of magic mapping
 e - 4 scrolls of amnesia
 g - 22 scrolls of identify
 h - 8 scrolls of fear
 i - 2 scrolls of silence
 k - 7 scrolls of poison
 p - 2 scrolls of enchant armour
 w - 7 scrolls of summoning
 y - a scroll of brand weapon
 H - 4 scrolls of fog
 L - 7 scrolls of blinking
 U - 2 scrolls of enchant weapon
Potions
 a - 7 potions of flight
 j - 3 potions of heal wounds
 m - 32 potions of curing
 q - 16 potions of mutation
 x - 10 potions of resistance
 z - 4 potions of cancellation
 A - 8 potions of brilliance
 B - 3 potions of magic
 C - 15 potions of haste
 D - 17 potions of might
 F - a potion of invisibility
 G - a potion of berserk rage
 I - 3 potions of attraction
 O - 5 potions of lignification
 P - 2 potions of ambrosia
Miscellaneous
 K - a phial of floods
 Q - a condenser vane


   Skills:
 + Level 23.2 Fighting
 - Level 8.0 Short Blades
 - Level 9.0 Armour
 - Level 12.0 Dodging
 - Level 1.7 Stealth
 + Level 12.4 Unarmed Combat
 - Level 15.0 Spellcasting
 - Level 3.0 Conjurations
 - Level 23.0 Necromancy
 - Level 6.0 Earth Magic


You had 11 spell levels left.
You knew the following spells:

 Your Spells              Type           Power      Damage    Failure   Level
a - Necrotise             Necr           100%       1d9       0%          1
b - Vampiric Draining     Necr           80%        2d11      0%          3
c - Animate Dead          Necr           80%        N/A       0%          4
d - Infestation           Necr           40%        N/A       3%          8
e - Dispel Undead         Necr           80%        3d26      0%          4
f - Borgnjor's Vile Clut  Necr/Erth      31%        N/A       1%          5
g - Borgnjor's Revivific  Necr           40%        N/A       3%          8
h - Death's Door          Necr           40%        N/A       47%         9

Your spell library contained the following spells:

 Spells                   Type           Power      Damage    Failure   Level
 Sublimation of Blood     Necr           80%        N/A       0%          2
 Agony                    Necr           80%        N/A       0%          5
 Magic Dart               Conj           100%       1d8       1%          1
 Cigotuvi's Dreadful Rot  Necr/Pois/Air  86%        N/A       1%          2
 Anguish                  Hex/Necr       27%        N/A       1%          4
 Death Channel            Necr           40%        N/A       1%          6
 Shock                    Conj/Air       80%        1d8       3%          1
 Passwall                 Tmut/Erth      20%        N/A       3%          2
 Momentum Strike          Conj/Tloc      40%        3d9       5%          2
 Apportation              Tloc           28%        N/A       7%          1
 Slow                     Hex            56%        N/A       7%          1
 Summon Small Mammal      Summ           56%        N/A       7%          1
 Blink                    Tloc           28%        N/A       10%         2
 Call Imp                 Summ           14%        N/A       10%         2
 Ensorcelled Hibernation  Hex/Ice        28%        N/A       10%         2
 Lesser Beckoning         Tloc           28%        N/A       10%         2
 Mephitic Cloud           Conj/Pois/Air  18%        N/A       13%         3
 Lee's Rapid Deconstruct  Erth           18%        3d11*     16%         5
 Leda's Liquefaction      Hex/Erth       12%        N/A       19%         4
 Call Canine Familiar     Summ           14%        N/A       21%         3
 Confusing Touch          Hex            14%        N/A       21%         3
 Gell's Gravitas          Tloc           14%        N/A       21%         3
 Inner Flame              Hex/Fire       14%        N/A       21%         3
 Ozocubu's Armour         Ice            14%        N/A       21%         3
 Portal Projectile        Hex/Tloc       28%        N/A       21%         3
 Summon Guardian Golem    Hex/Summ       14%        N/A       21%         3
 Swiftness                Air            14%        N/A       21%         3
 Teleport Other           Tloc           14%        N/A       21%         3
 Vhi's Electric Charge    Tloc/Air       28%        N/A       21%         3
 Volatile Blastmotes      Fire/Tloc      28%        2d12      21%         3
 Flame Wave               Conj/Fire      20%        2d7       34%         4
 Fulminant Prism          Conj/Hex       10%        3d9       34%         4
 Iskenderun's Mystic Bla  Conj/Tloc      20%        2d6       34%         4
 Sticky Flame             Conj/Fire      20%        2d4       34%         4
 Haunt                    Necr/Summ      27%        N/A       45%         7
 Iskenderun's Battlesphe  Conj           25%        2d8       47%         5
 Airstrike                Air            7%         2d(1-17)  54%         4
 Arcjolt                  Conj/Air       10%        1d20      69%         5
 Iron Shot                Conj/Erth      15%        9d4       85%         6
 Summon Forest            Summ/Tloc      7%         N/A       88%         5
 Necromutation            Tmut/Necr      27%        N/A       98%         8
 Conjure Ball Lightning   Conj/Air       10%        3x3d6     99%         6
 Dispersal                Tloc           7%         N/A       100%        6
 Eringya's Noxious Bog    Tmut/Pois      7%         N/A       100%        6
 Enfeeble                 Hex            7%         N/A       100%        7
 Orb of Destruction       Conj           12%        9d7       100%        7
 Ozocubu's Refrigeration  Ice            7%         4d9       100%        7
 Spellforged Servitor     Conj/Summ      10%        N/A       100%        7
 Summon Hydra             Summ           7%         N/A       100%        7
 Discord                  Hex            7%         N/A       100%        8
 Disjunction              Tloc           7%         N/A       100%        8
 Maxwell's Capacitive Co  Air            7%         ∞         100%        8


Dungeon Overview and Level Annotations

Branches:
Dungeon (15/15)            Temple (1/1) D:5            Lair (5/5) D:8
  Swamp (4/4) Lair:3        Snake (4/4) Lair:2        Slime (0/5) Lair:4
    Orc (2/2) D:9             Elf (0/3) Orc:2        Vaults (4/5) D:13
  Crypt (0/3) Vaults:3     Depths (4/4) D:15         Bailey (visited)
  IceCv (visited)
    Zot: Depths:4

Altars:
Ashenzari
Cheibriados
Dithmenos
Fedhas
Gozag
Hepliaklqana
Kikubaaqudgha
Makhleb
Nemelex Xobeh
Okawaru
Qazlal
Ru
Sif Muna
Trog
Uskayaw
Vehumet
Wu Jian
Xom
Yredelemnul
Jiyva
Lugonu

Shops:
D:3 !   D:7 :(:*[   D:8 *   D:14 =   Orc:2 ((!(?   Snake:1 [:   Snake:2 *
Snake:3 *([*   Vaults:1 !   Vaults:2 =[   Vaults:3 (   Depths:1 **

Portals:
Hell: Depths:1 Depths:3
Abyss: Lair:5 Depths:2 Depths:3
Pandemonium: Depths:2
Ziggurat: Depths:1

Annotations:
Depths:4 Mennas, Sojobo


Innate Abilities, Weirdness & Mutations

You have claws for hands.
You have a pair of horns on your head.
A powerful demonic guardian rushes to your aid.
You regenerate a lot of health from kills.
Your presence sometimes corrodes or deforms those you injure.
You have a sharp stinger which inflicts weakening toxins.


Message History

The bolt of acid hits your Executioner! The acid corrodes your Executioner!
The bolt of acid hits you!! The frost giant misses you.
Your Executioner closely misses the tengu reaver.
The tengu reaver blocks your Executioner's attack. x2
The bone dragon closely misses you.
The bone dragon claws you but does no damage.
The bone dragon tramples you.
You hold your ground!
The ettin completely misses you. The ettin barely misses you.
You fly upwards.
Your summoned ally is left behind.
Your death scarab crumbles into dust!
There is a stone staircase leading down, spattered with blood here.
Things that are here:
a +0 plate armour; a +2 long sword Unknown command.
Unknown command.
You're too confused to cast spells.
Okay, then.
The frost giant barely misses you.
Things that are here:
a +0 plate armour; a +2 demon blade; a +0 robe Unknown command.
You bump into the rock wall.
The bone dragon misses you. The bone dragon claws you!
The bone dragon tramples you!
You are shoved backwards!
The frost giant gestures at you while chanting.
The bolt of cold hits the bone dragon.
The bone dragon resists.
The bolt of cold misses you.
Unknown command.
You're too confused to cast spells.
You're too confused to cast spells.
There are monsters nearby!
You bump into the rock wall.
The bone dragon misses you. The bone dragon barely misses you.
The bone dragon tramples you!
* * * LOW HITPOINT WARNING * * *
You hold your ground!
The frost giant casts a spell at you.
The bolt of cold hits the bone dragon!!
The bone dragon resists.
The bolt of cold hits you!!!
You die...
Kikubaaqudgha rasps: "You have failed me!
Welcome... death!"

≈....≈#####.........#...#.....#..
≈.....§#..#)....##...#.#.....##..
##...###..###.........#......#...
#...........#####....#.#....##.>.
#...###.....#.......#...#...#....
##.##.#######.......#..[#...##...
.#.....#....####........#....#...
.......#....#..#####......#..####
.#.....#...##.)#@[)[...##.#..#...
.#.....##.##...#D#.....#..#..#...
.#.##.....#....CC###...####..#...
....##..#..........#....#....####
#.)..#.##.......<#.###...#.....#.
#.......#........#.#.###.).....#.
##.....####......#.#...##[.....#.
.#...###..#.###.##.#....#........
.#..##.............#.#####.....##


You could see a bone dragon, a frost giant and an ettin.

Vanquished Creatures
  Mara (Depths:1)
  A juggernaut (Depths:3)
  the Lernaean hydra (Swamp:4)
  Vashnia (Snake:2)
  Xtahua (Vaults:3)
  Frederick (Vaults:3)
  Nikola (Depths:1)
  Jory (Depths:3)
  A golden dragon (Depths:2)
  3 liches
  A walking earthen tome (Depths:2)
  Jorgrun (Snake:3)
  A walking frostbound tome (Depths:3)
  A sphinx (Depths:2)
  A kraken (Swamp:4)
  3 tengu reavers
  Donald (Snake:2)
  A shadow dragon (Depths:3)
  2 nagarajas (Snake:4)
  8 fire giants
  A fenstrider witch (Swamp:4)
  5 frost giants
  5 vault wardens
  Aizul (Snake:1)
  Louise (Swamp:4)
  2 orc warlords
  A juggernaut skeleton (Depths:3)
  A spriggan defender (Depths:3)
  2 war gargoyles
  15 very ugly things
  13 stone giants
  9 ironbound preservers
  A vampire knight (Depths:1)
  4 eleionomae
  11 dire elephants
  2 bunyips (Swamp:3)
  4 spark wasps
  A crystal guardian (Vaults:4)
  5 ettins
  The ghost of mandoloar the Thaumaturge, a journeyman GnEE of Vehumet (Lair:2)
  2 jiangshi (Depths:1)
  Josephine (Lair:3)
  6 yaktaur captains
  Fannar (Lair:2)
  5 great orbs of eyes
  10 vault guards
  A rakshasa (Depths:2)
  7 fire dragons
  3 salamander tyrants
  8 ice dragons
  21 hydras
  A great orb of eyes (shapeshifter) (Depths:3)
  6 ironbound frosthearts
  2 peacekeepers
  A caustic shrike simulacrum (IceCv)
  3 ghost crabs
  5 spriggan air magi
  A death knight (D:14)
  11 centaur warriors
  The ghost of jerryboi the Cleaver, a novice HOFi of Okawaru (D:8)
  13 anacondas
  2 boulder beetles
  6 tengu warriors
  2 vampire magi
  3 deep troll shamans
  8 naga warriors
  2 thrashing horrors (Lair:5)
  3 deep troll earth magi
  16 naga sharpshooters
  10 alligators
  6 orc high priests
  7 hell knights
  Urug (Orc:1)
  6 spriggan berserkers
  A sun demon (Depths:3)
  3 shock serpents
  3 skysharks
  An iron troll (Depths:1)
  2 salamander mystics
  2 spriggan druids
  10 skeletal warriors
  6 goliath frogs
  3 flayed ghosts
  7 swamp dragons (Swamp:4)
  4 naga ritualists
  An obsidian statue (IceCv)
  26 deep trolls
  7 ironbound convokers
  10 bog bodies
  7 wizards
  A sphinx zombie (Vaults:2)
  2 harpies (Vaults:3)
  A glowing orange brain (Vaults:1)
  8 lindwurms
  3 spriggan simulacra
  6 necromancers
  9 orc knights
  13 mana vipers
  An orc sorcerer (D:14)
  36 ugly things
  3 deep elf pyromancers
  2 manticores
  A manticore (shapeshifter) (Depths:2)
  A tengu skeleton (Depths:3)
  A sphinx skeleton (Depths:3)
  7 cyclopes
  7 will-o-the-wisps
  14 salamanders
  A frost giant skeleton (Vaults:2)
  6 elephants (Lair:3)
  6 vault sentinels
  A fire giant skeleton (Depths:3)
  3 guardian serpents
  An ice statue (D:10)
  13 naga magi
  32 black mambas
  A gargoyle (D:12)
  An eye of devastation (shapeshifter) (D:15)
  8 cane toads
  An unseen horror (D:11)
  A rime drake (Lair:3)
  An efreet (D:15)
  19 freezing wraiths (IceCv)
  12 yaktaurs
  5 komodo dragons
  2 anaconda simulacra (IceCv)
  An ice devil (IceCv)
  4 tengu conjurers
  3 polar bears
  5 trolls
  An ancient zyme (Lair:5)
  2 large abominations (Lair:5)
  13 tyrant leeches
  A bloated husk (Swamp:3)
  A merfolk (shapeshifter) (Lair:5)
  A meliai (D:14)
  An unseen horror skeleton (D:8)
  8 hornets
  Grinder (D:3)
  7 blink frogs (Lair:5)
  Sigmund (D:2)
  5 spriggans
  A dream sheep (Lair:1)
  A frost giant simulacrum (Vaults:2)
  4 shadows
  9 slime creatures
  A spriggan (shapeshifter) (D:13)
  A vampire (Vaults:3)
  4 wraiths (Lair:3)
  3 wyverns
  2 dire elephant simulacra (IceCv)
  39 yaks
  A human (shapeshifter) (Lair:5)
  4 basilisks
  2 fire elementals (D:15)
  A steam dragon (D:10)
  4 chaos spawn (Lair:5)
  17 swamp worms
  3 harpy simulacra (IceCv)
  5 vampire mosquitoes
  2 wargs (Orc:1)
  31 nagas
  2 acid dragons
  A floating eye (Depths:1)
  2 hydra simulacra (IceCv)
  8 water moccasins
  3 hell hounds (D:15)
  3 ice beasts
  10 swamp drakes
  2 alligator simulacra (IceCv)
  2 ettin simulacra (IceCv)
  35 orc warriors
  A black bear (shapeshifter) (Depths:2)
  5 ogres
  A boggart (D:14)
  8 centaurs
  A lemure (D:4)
  4 phantoms
  3 kobold brigands
  Blork the orc (D:4)
  6 bullfrogs
  A gnoll sergeant (D:10)
  3 deep troll simulacra (IceCv)
  3 scorpions
  6 small abominations (Lair:5)
  4 spriggan zombies
  A troll zombie (D:9)
  A lindwurm simulacrum (IceCv)
  13 killer bees
  4 electric eels
  4 howler monkeys
  7 hounds
  4 jellies
  24 orc priests
  3 gnoll boudas
  2 sleepcaps (D:7)
  Jessica (D:2)
  2 iguanas
  Ijyb (D:5)
  11 orc wizards
  6 hell rats (Lair:5)
  Terence (D:3)
  3 ogre zombies (D:9)
  2 howler monkey zombies (D:8)
  A killer bee simulacrum (D:9)
  18 gnolls
  9 adders
  2 howler monkey simulacra
  5 white imps
  2 ufetubi
  A worm (D:3)
  59 orcs
  3 bats
  3 endoplasms
  3 giant cockroaches
  11 goblins
  5 hobgoblins
  6 jackals
  4 quokkas
  6 ball pythons
  5 frilled lizards
  A goblin skeleton (D:9)
  4 goblin zombies (D:9)
  2 hobgoblin skeletons (D:9)
  A hobgoblin zombie (D:9)
  20 kobolds
  An orc skeleton (D:9)
  8 orc zombies (D:9)
  7 rats
  2 briar patches (Swamp:1)
1205 creatures vanquished.

Vanquished Creatures (collateral kills)
  A tentacled monstrosity (Depths:3)
  Asterion (Vaults:3)
  Rupert (Vaults:3)
  A walking crystal tome (Depths:3)
  2 titans (Depths:3)
  A thorn hunter (Swamp:1)
  The ghost of Maeg the Wrestler, an adept TrMo of Jiyva (Snake:2)
  2 sphinxes
  3 tengu reavers
  Frances (Swamp:1)
  4 nagarajas
  A fenstrider witch (Swamp:3)
  A draconian knight (Vaults:3)
  A fire giant (Depths:3)
  7 vault wardens
  7 ironbound preservers
  A vampire knight (Depths:2)
  2 very ugly things
  An ironbound thunderhulk (Vaults:4)
  3 eleionomae
  A stone giant (Depths:2)
  Azrael (D:15)
  4 dire elephants
  A spark wasp (Depths:2)
  5 ettins
  A fire dragon (Depths:3)
  A crystal guardian (Vaults:3)
  A yaktaur captain (Vaults:1)
  A great orb of eyes (Vaults:2)
  3 ice dragons
  A rakshasa (Depths:3)
  An entropy weaver (Vaults:1)
  A salamander tyrant (Snake:3)
  A ghost crab (Swamp:4)
  3 peacekeepers
  7 vault guards
  A hydra (Lair:5)
  Erica (Lair:2)
  An ironbound frostheart (Vaults:2)
  2 anacondas (Snake:3)
  A boulder beetle (Vaults:3)
  4 centaur warriors
  An alligator (Swamp:1)
  A two-headed ogre (D:10)
  3 tengu warriors
  A deep troll earth mage (Depths:3)
  4 naga warriors (Snake:4)
  5 naga sharpshooters
  An orc high priest (Orc:2)
  2 shock serpents
  A thrashing horror (Lair:5)
  4 hell knights
  A skyshark (Lair:2)
  Lodul (D:14)
  2 salamander mystics (Snake:4)
  3 iron trolls (Depths:3)
  2 goliath frogs
  13 deep trolls
  8 naga ritualists
  6 ironbound convokers
  Pikel (D:4)
  An orange crystal statue (Depths:3)
  2 swamp dragons (Swamp:1)
  A bog body (Swamp:2)
  A lindwurm (shapeshifter) (Depths:3)
  7 wizards
  2 lindwurms (Vaults:1)
  A tengu zombie (Depths:3)
  2 orc knights
  A harpy (Vaults:3)
  2 necromancers (Depths:2)
  2 mana vipers
  An obsidian statue (Snake:2)
  11 ugly things
  A manticore (D:13)
  2 salamanders
  8 black mambas
  2 guardian serpents (Snake:4)
  A cane toad (Lair:2)
  5 naga magi
  A rime drake (Lair:5)
  8 vault sentinels
  2 freezing wraiths
  11 yaktaurs
  3 komodo dragons
  An ancient zyme (Lair:5)
  An anaconda simulacrum (IceCv)
  A polar bear (Lair:1)
  2 meliai (D:14)
  2 tyrant leeches
  8 blink frogs (Lair:5)
  6 slime creatures
  A human simulacrum (Vaults:2)
  A wyvern (Lair:5)
  18 yaks
  A basilisk (Lair:5)
  A spriggan (Swamp:1)
  A dire elephant simulacrum (IceCv)
  2 vampires (Vaults:3)
  A redback (Vaults:1)
  Menkaure (D:7)
  11 nagas
  4 water moccasins
  6 orc warriors
  6 ice beasts (D:10)
  An alligator simulacrum (IceCv)
  3 boggarts (D:14)
  4 ogres
  A centaur (D:6)
  A lemure (D:4)
  A phantom (D:7)
  6 small abominations (Lair:5)
  3 bullfrogs
  A kobold brigand (D:8)
  A hornet simulacrum (D:9)
  A troll zombie (D:9)
  2 killer bees (D:10)
  4 electric eels
  6 orc priests
  5 orc wizards
  A hell rat (Lair:5)
  An ogre zombie (D:9)
  4 gnolls
  A white imp (D:6)
  8 orcs
  A goblin (D:7)
  2 jackals
  2 frilled lizards (D:1)
  7 kobolds
  An orc skeleton (D:9)
  An orc zombie (D:9)
367 creatures vanquished.

Vanquished Creatures (others)
  A deep troll shaman (Depths:3)
  2 deep trolls (Vaults:1)
  An ironbound convoker (Vaults:4)
  A lindwurm (Vaults:2)
  A yaktaur (Vaults:4)
  A queen bee (shapeshifter) (D:15)
  A hornet (Swamp:1)
  2 alligator zombies (Swamp:1)
  A black mamba zombie (Lair:5)
  A swamp worm (Swamp:1)
  2 hornet zombies
  An elf zombie (D:13)
  4 blink frog zombies (Lair:5)
  A rime drake zombie (Lair:3)
  A cyclops zombie (D:13)
  A warg zombie (Orc:1)
  10 yak zombies
  3 centaur zombies
  A bullfrog zombie (Lair:2)
  A basilisk zombie (Lair:5)
  An orc wizard (D:14)
  4 killer bee zombies (D:10)
  2 ogre zombies (D:14)
  4 ice beast zombies (D:10)
  10 gnoll zombies
  53 orc zombies
  A bush (D:6)
  25 foxfires
  16 fungi
  41 plants
  6 tentacles (Swamp:4)
  2 toadstools (Depths:2)
202 creatures vanquished.

Grand Total: 1774 creatures vanquished

Notes
Turn   | Place    | Note
-------+----------+-------------------------------------------
     0 | D:1      | BubbleThief the Demonspawn Necromancer began the quest for
                  | the Orb.
     0 | D:1      | Reached XP level 1. HP: 13/13 MP: 3/3
   382 | D:1      | Discovered your monstrous ancestry.
   382 | D:1      | Gained mutation: You have a small tail. [demonic ancestry]
   382 | D:1      | Reached XP level 2. HP: 19/19 MP: 3/5
   571 | D:1      | Reached skill level 5 in Necromancy
   741 | D:1      | Gained mutation: A weak demonic guardian rushes to your
                  | aid. [demonic ancestry]
   741 | D:1      | Reached XP level 3. HP: 24/24 MP: 1/6
  1283 | D:2      | Found a hide-covered altar of Uskayaw.
  1417 | D:2      | Found a faded altar of an unknown god.
  1639 | D:2      | Gained mutation: You have a tail ending in a sharp stinger.
                  | [demonic ancestry]
  1639 | D:2      | Reached XP level 4. HP: 30/30 MP: 4/8
  1684 | D:2      | Noticed Sigmund
  2258 | D:3      | Noticed Grinder
  2327 | D:3      | Found Niydgh's Distillery.
  2356 | D:3      | Bought 2 potions of curing for 60 gold pieces
  2630 | D:3      | Noticed Terence
  2726 | D:2      | Noticed Jessica
  2739 | D:2      | Killed Sigmund
  2740 | D:2      | Gained mutation: A demonic guardian rushes to your aid.
                  | [demonic ancestry]
  2740 | D:2      | Reached XP level 5. HP: 7/35 MP: 4/10
  2740 | D:2      | Reached XP level 6. HP: 8/41 MP: 4/11
  2741 | D:2      | Killed Jessica
  2746 | D:2      | Learned a level 3 spell: Vampiric Draining
  2751 | D:2      | Learned a level 4 spell: Animate Dead
  3319 | D:3      | Killed Terence
  3463 | D:3      | Learned a level 2 spell: Momentum Strike
  3528 | D:4      | Found a hide-covered altar of Uskayaw.
  3528 | D:4      | Found a shadowy altar of Dithmenos.
  3528 | D:4      | Found a burning altar of Makhleb.
  3528 | D:4      | Found a sparkling altar of Nemelex Xobeh.
  3555 | D:4      | Noticed Pikel
  3579 | D:4      | Killed Pikel
  3580 | D:4      | Reached skill level 5 in Spellcasting
  3580 | D:4      | Gained mutation: You regenerate a little health from kills.
                  | [demonic ancestry]
  3580 | D:4      | Reached XP level 7. HP: 42/53 MP: 11/14
  4003 | D:4      | Noticed Blork the orc
  4012 | D:4      | Killed Blork the orc
  4013 | D:4      | Reached XP level 8. HP: 26/61 MP: 7/16
  4646 | D:3      | Paralysed by Grinder for 3 turns
  4651 | D:3      | Killed Grinder
  4652 | D:3      | Reached skill level 5 in Fighting
  4770 | D:5      | Entered Level 5 of the Dungeon
  5134 | D:5      | Found a staircase to the Ecumenical Temple.
  5176 | Temple   | Entered the Ecumenical Temple
  5367 | Temple   | Became a worshipper of Kikubaaqudgha
  5847 | D:5      | Reached XP level 9. HP: 69/69 MP: 7/19
  5943 | D:5      | Noticed Ijyb
  5960 | D:5      | Killed Ijyb
  6364 | D:6      | Reached * piety under Kikubaaqudgha
  6364 | D:6      | Received a gift from Kikubaaqudgha
  6580 | D:6      | Reached skill level 1 in Conjurations
  6976 | D:7      | Found Ruerust's Weapon Shoppe.
  6984 | D:7      | Found Osmumm's Book Boutique.
  7008 | D:7      | Found a flagged portal.
  7031 | Bailey   | Entered a bailey
  7315 | Bailey   | Reached ** piety under Kikubaaqudgha
  7760 | D:7      | Found Mohijin's General Store.
  7804 | D:7      | Found Umuipn's Antique Armour Boutique.
  7903 | D:7      | Noticed Menkaure
  7910 | D:7      | Killed Menkaure
  8176 | D:7      | Found Ittom's Book Emporium.
  8310 | D:8      | Found a staircase to the Lair.
  8310 | D:8      | Found a runed translucent gate.
  8310 | D:8      | Found a runed translucent gate.
  8310 | D:8      | Found a runed translucent gate.
  8315 | D:8      | Noticed jerryboi's ghost (novice HOFi)
  8345 | D:8      | Identified the +7 trident "Qocoly" {freeze, rF+ Str+3
                  | Dex+3}
  8520 | D:8      | Found Fusogoegg's Assorted Antiques.
  8571 | D:8      | Noticed a manticore
  8581 | D:8      | Killed a manticore
  8789 | D:8      | Found a blossoming altar of Fedhas.
  9017 | D:8      | Gained mutation: You regenerate health from kills. [demonic
                  | ancestry]
  9017 | D:8      | Reached XP level 10. HP: 80/80 MP: 18/22
  9307 | D:8      | Found a sacrificial altar of Ru.
  9307 | D:8      | Found an opulent altar of Gozag.
  9497 | D:9      | Reached *** piety under Kikubaaqudgha
  9497 | D:9      | Received a gift from Kikubaaqudgha
  9503 | D:9      | Learned a level 4 spell: Dispel Undead
  9509 | D:9      | Learned a level 5 spell: Borgnjor's Vile Clutch
  9526 | D:9      | Found a staircase to the Orcish Mines.
  9642 | D:9      | Reached skill level 1 in Earth Magic
 10114 | D:9      | Found a broken altar of Ashenzari.
 10229 | D:9      | Reached skill level 10 in Necromancy
 10342 | D:9      | Reached **** piety under Kikubaaqudgha
 10662 | Lair:1   | Entered Level 1 of the Lair of Beasts
 10719 | Lair:1   | Noticed a cane toad
 10727 | Lair:1   | Killed a cane toad
 10952 | Lair:1   | Noticed a boulder beetle
 10969 | Lair:1   | Noticed a cane toad
 10975 | Lair:1   | Killed a cane toad
 10982 | Lair:1   | Gained mutation: A powerful demonic guardian rushes to your
                  | aid. [demonic ancestry]
 10982 | Lair:1   | Reached XP level 11. HP: 66/87 MP: 11/24
 11540 | Lair:1   | Reached skill level 5 in Dodging
 11697 | Lair:1   | Found a stormy altar of Qazlal.
 11714 | Lair:1   | Killed a boulder beetle
 12329 | Lair:2   | Noticed a skyshark
 12338 | Lair:2   | Killed a skyshark
 12481 | Lair:2   | Noticed an eight-headed hydra
 12500 | Lair:2   | Killed an eight-headed hydra
 12775 | Lair:2   | Found a staircase to the Snake Pit.
 12923 | Lair:2   | Reached skill level 5 in Earth Magic
 12978 | Lair:2   | Noticed Erica
 13031 | Lair:2   | Killed Erica
 13031 | Lair:2   | Reached ***** piety under Kikubaaqudgha
 13032 | Lair:2   | Reached skill level 10 in Spellcasting
 13032 | Lair:2   | Gained mutation: You have a sharp stinger which inflicts
                  | weakening toxins. [demonic ancestry]
 13032 | Lair:2   | Reached XP level 12. HP: 19/97 MP: 1/26
 13315 | Lair:2   | Noticed Fannar
 13325 | Lair:2   | Killed Fannar
 13326 | Lair:2   | Reached skill level 10 in Fighting
 13633 | Lair:2   | Found a runed translucent door.
 13635 | Lair:2   | Noticed mandoloar's ghost (journeyman GnEE)
 14155 | Lair:3   | Found a staircase to the Swamp.
 14514 | Lair:3   | You fall into a shaft and drop 2 floors!
 14514 | Lair:5   | Entered Level 5 of the Lair of Beasts
 14527 | Lair:4   | Found a staircase to the Slime Pits.
 14551 | Lair:4   | Found a viscous altar of Jiyva.
 15112 | Lair:4   | Identified a scroll of acquirement
 15112 | Lair:4   | Acquired 1035 gold pieces
 16183 | Lair:3   | Noticed Josephine
 16204 | Lair:3   | Killed Josephine
 16325 | Lair:3   | Identified the +4 long sword "Lakyap" {holy, rC- Dex+6
                  | SInv}
 16767 | Lair:5   | Gained mutation: You have sharp fingernails. [demonic
                  | ancestry]
 16767 | Lair:5   | Reached XP level 13. HP: 103/106 MP: 24/28
 16976 | Lair:5   | Identified the +1 robe "Loalenol" {Rampage rF+ Str+2}
 18055 | Lair:5   | Upgraded the game from 0.30-a0-879-ga8ba668304 to
                  | 0.30-a0-881-g1ff12e1e11
 18767 | Lair:5   | Found a one-way gate to the infinite horrors of the Abyss.
 18815 | Lair:5   | Found a corrupted altar of Lugonu.
 19227 | Lair:2   | Killed mandoloar's ghost
 19425 | D:8      | Killed jerryboi's ghost
 19721 | D:10     | Entered Level 10 of the Dungeon
 19873 | D:10     | You fall into a shaft and drop 3 floors!
 20239 | D:13     | Identified the +1 chain mail "Paxtea" {Regen+ Str+3}
 20259 | D:13     | Found a gate to the Vaults.
 20641 | D:12     | Gained mutation: You have very sharp fingernails. [demonic
                  | ancestry]
 20641 | D:12     | Reached XP level 14. HP: 72/115 MP: 25/30
 20854 | D:12     | Identified the +3 trident of the Usurping Gods {speed,
                  | Str+3}
 21469 | D:11     | Reached skill level 1 in Armour
 21639 | D:11     | Reached ****** piety under Kikubaaqudgha
 21827 | D:11     | Reached skill level 15 in Necromancy
 23292 | D:10     | Found a radiant altar of Vehumet.
 23702 | D:10     | Noticed a frost giant
 23717 | D:10     | Killed a frost giant
 24499 | Orc:1    | Entered Level 1 of the Orcish Mines
 24700 | Orc:2    | Entered Level 2 of the Orcish Mines
 25607 | Orc:2    | Found a staircase to the Elven Halls.
 25618 | Orc:2    | Found Xaupn's Magic Scroll Shop.
 25627 | Orc:2    | Bought a scroll of teleportation for 42 gold pieces
 25627 | Orc:2    | Bought a scroll of teleportation for 42 gold pieces
 26614 | Orc:2    | Found Etuif's Weapon Boutique.
 26617 | Orc:2    | Found Emnarchu's Distillery.
 26618 | Orc:2    | Found Itasir's Weapon Boutique.
 26619 | Orc:2    | Found Segoyhe's Weapon Boutique.
 26623 | Orc:2    | Bought a potion of curing for 48 gold pieces
 26623 | Orc:2    | Bought a potion of magic for 128 gold pieces
 26623 | Orc:2    | Bought a potion of curing for 48 gold pieces
 26623 | Orc:2    | Bought a potion of mutation for 128 gold pieces
 26623 | Orc:2    | Bought a potion of brilliance for 64 gold pieces
 26732 | Orc:1    | HP: 5/116 [orc warrior/+0 long sword[an orc high priest]
                  | (5)]
 26924 | Orc:1    | Noticed Urug
 26930 | Orc:1    | Killed Urug
 27156 | D:8      | Bought the +12 pair of quick blades "Gyre" and "Gimble"
                  | {protect} for 2125 gold pieces
 27156 | D:8      | Found the +12 pair of quick blades "Gyre" and "Gimble"
                  | {protect}
 27156 | D:8      | Bought a moonstone ring for 125 gold pieces
 27369 | D:10     | Received a gift from Kikubaaqudgha
 27801 | D:13     | Identified the amulet "Nudo Ubb" {Spirit rElec rC+}
 28729 | D:14     | Reached skill level 1 in Short Blades
 29060 | D:14     | Found a sacrificial altar of Ru.
 29233 | D:14     | Found Ahofeme's Jewellery Boutique.
 29276 | D:14     | Noticed Lodul
 29291 | D:14     | Killed Lodul
 29374 | D:14     | Gained mutation: You have a pair of small horns on your
                  | head. [demonic ancestry]
 29374 | D:14     | Reached XP level 15. HP: 122/122 MP: 20/31
 29720 | D:14     | Reached skill level 5 in Short Blades
 30408 | D:15     | Entered Level 15 of the Dungeon
 30447 | D:15     | Found a staircase to the Depths.
 30625 | D:15     | Paralysed by a great orb of eyes for 4 turns
 30632 | D:15     | Paralysed by a great orb of eyes for 3 turns
 30786 | Abyss:2  | Cast into level 2 of the Abyss (a wizard)
 30816 | D:15     | Escaped the Abyss
 31220 | D:15     | Noticed Azrael
 31254 | D:15     | Killed Azrael
 31255 | D:15     | Reached skill level 10 in Dodging
 31570 | D:15     | Upgraded the game from 0.30-a0-881-g1ff12e1e11 to
                  | 0.30-a0-883-g5ad918d77d
 31635 | D:14     | Bought the ring of Zoguloagarr {rElec rF+ Str+6} for 798
                  | gold pieces
 32028 | D:7      | Bought a +2 pair of boots of flying for 279 gold pieces
 32150 | Swamp:1  | Entered Level 1 of the Swamp
 32158 | Swamp:1  | Reached skill level 5 in Armour
 32158 | Swamp:1  | Gained mutation: You have a pair of horns on your head.
                  | [demonic ancestry]
 32158 | Swamp:1  | Reached XP level 16. HP: 130/130 MP: 21/32
 32159 | Swamp:1  | Reached XP level 17. HP: 137/137 MP: 21/34
 32570 | Swamp:1  | Noticed Frances
 32587 | Swamp:1  | Killed Frances
 34143 | Swamp:3  | Gained mutation: You regenerate a lot of health from kills.
                  | [demonic ancestry]
 34143 | Swamp:3  | Reached XP level 18. HP: 134/145 MP: 7/35
 34560 | Swamp:4  | Entered Level 4 of the Swamp
 34991 | Swamp:4  | Noticed Louise
 35023 | Swamp:4  | Killed Louise
 36007 | Swamp:4  | Upgraded the game from 0.30-a0-883-g5ad918d77d to
                  | 0.30-a0-953-g5f1da4a474
 36062 | Swamp:4  | Upgraded the game from 0.30-a0-953-g5f1da4a474 to
                  | 0.30-a0-965-g42e074c17a
 36558 | Swamp:4  | Noticed the 27-headed Lernaean hydra
 36574 | Swamp:4  | Killed the 27-headed Lernaean hydra
 36583 | Swamp:4  | Got a decaying rune of Zot
 36984 | Snake:1  | Entered Level 1 of the Snake Pit
 37296 | Snake:1  | Found Omiham's Book Shop.
 37296 | Snake:1  | Found Yshaefam's Antique Armour Boutique.
 37760 | Snake:1  | Noticed Aizul
 37772 | Snake:1  | Killed Aizul
 38447 | Snake:1  | Upgraded the game from 0.30-a0-965-g42e074c17a to
                  | 0.30-a0-972-gf3ab3527aa
 39117 | Snake:2  | Noticed Donald
 39482 | Snake:2  | Noticed Vashnia
 39483 | Snake:2  | Reached skill level 15 in Fighting
 39783 | Snake:2  | Killed Donald
 40226 | Snake:2  | Reached XP level 19. HP: 118/155 MP: 29/37
 40367 | Snake:1  | Learned a level 8 spell: Infestation
 40507 | Snake:2  | Killed Vashnia
 40925 | Snake:2  | Found a runed translucent gate.
 40925 | Snake:2  | Found a runed translucent gate.
 40927 | Snake:2  | Found a runed translucent gate.
 40927 | Snake:2  | Found an opulent altar of Gozag.
 40927 | Snake:2  | Noticed Maeg's ghost (adept TrMo)
 40930 | Snake:2  | Found Lioph's Assorted Antiques.
 41385 | Snake:2  | Killed Maeg's ghost
 41513 | Snake:2  | Bought a potion of heal wounds for 185 gold pieces
 41513 | Snake:2  | Bought a potion of curing for 111 gold pieces
 41513 | Snake:2  | Bought a scroll labelled GUNOIF YSYXZIMIDGH for 37 gold
                  | pieces
 41513 | Snake:2  | Bought a potion of curing for 111 gold pieces
 41616 | Snake:3  | Noticed Jorgrun
 41638 | Snake:3  | Killed Jorgrun
 41639 | Snake:3  | Reached skill level 15 in Spellcasting
 41649 | Snake:3  | Learned a level 8 spell: Borgnjor's Revivification
 42064 | Snake:3  | Found Megarpheph's Assorted Antiques.
 42067 | Snake:3  | Bought a potion of might for 152 gold pieces
 42123 | Snake:3  | Found Piqu Supn's Assorted Antiques.
 42125 | Snake:3  | Found Woigemp's Antique Armour Boutique.
 42128 | Snake:3  | Found Ynosiota's Antique Weapon Shop.
 42763 | Snake:4  | Entered Level 4 of the Snake Pit
 42829 | Snake:4  | Found a sparkling altar of Nemelex Xobeh.
 42876 | Snake:4  | Found a frozen archway.
 42897 | IceCv    | Entered an ice cave
 43274 | IceCv    | Upgraded the game from 0.30-a0-972-gf3ab3527aa to
                  | 0.30-a0-1008-g30c9307041
 43343 | IceCv    | Found an ancient bone altar of Kikubaaqudgha.
 44116 | Snake:4  | Learned a level 9 spell: Death's Door
 44544 | Snake:4  | Reached XP level 20. HP: 118/168 MP: 1/39
 44818 | Snake:4  | Got a serpentine rune of Zot
 45460 | Vaults:1 | Entered Level 1 of the Vaults
 45736 | Vaults:1 | Found a radiant altar of Vehumet.
 45736 | Vaults:1 | Found the +2 hat of the Bear Spirit {Spirit, Bear, *Rage
                  | Will++}
 45769 | Vaults:1 | Identified the +4 hat of Vusiyt {rPois}
 46482 | Vaults:1 | Found Amebinag's Distillery.
 46601 | Vaults:1 | Bought a potion of might for 72 gold pieces
 46601 | Vaults:1 | Bought 2 potions of might for 144 gold pieces
 46601 | Vaults:1 | Bought a potion of resistance for 180 gold pieces
 46601 | Vaults:1 | Bought a potion of brilliance for 72 gold pieces
 46954 | Vaults:1 | Found a portal to a secret trove of treasure.
 48094 | Vaults:2 | Gained mutation: Your presence sometimes corrodes those you
                  | injure. [demonic ancestry]
 48094 | Vaults:2 | Reached XP level 21. HP: 175/181 MP: 40/40
 48148 | Vaults:2 | Found Xeuwk's Antique Armour Boutique.
 48546 | Vaults:2 | Found Nuzxoif's Jewellery Shoppe.
 48999 | Vaults:3 | Found a staircase to the Crypt.
 49281 | Vaults:3 | Found Givuylomp's Antique Weapon Boutique.
 49373 | Vaults:3 | Noticed Xtahua
 49385 | Vaults:3 | Paralysed by Xtahua for 4 turns
 49389 | Vaults:3 | Killed Xtahua
 49679 | Vaults:3 | Reached skill level 1 in Unarmed Combat
 49737 | Vaults:3 | Noticed Asterion
 49747 | Vaults:3 | Killed Asterion
 50175 | Vaults:3 | Noticed Rupert
 50190 | Vaults:3 | Killed Rupert
 50208 | Vaults:3 | Noticed Frederick
 50213 | Vaults:3 | Killed Frederick
 51474 | Vaults:4 | Reached skill level 5 in Unarmed Combat
 52574 | Vaults:1 | You paid a toll of 10 potions of heal wounds to enter a
                  | treasure trove
 52575 | Trove    | Entered a treasure trove
 52669 | Vaults:1 | Reached XP level 22. HP: 194/194 MP: 41/41
 52827 | Depths:1 | Entered Level 1 of the Depths
 52861 | Depths:1 | Noticed Mara
 52877 | Depths:1 | Killed Mara
 53000 | Depths:1 | Found Pufucada's Neck Hole.
 53112 | Depths:1 | Gained mutation: Your presence sometimes corrodes or
                  | deforms those you injure. [demonic ancestry]
 53112 | Depths:1 | Reached XP level 23. HP: 200/200 MP: 42/42
 53121 | Depths:1 | Found a one-way gateway to a ziggurat.
 53601 | Depths:1 | Found Gozag's Platinum Reserve.
 53605 | Depths:1 | Found an opulent altar of Gozag.
 53953 | Depths:1 | Noticed Nikola
 53966 | Depths:1 | Killed Nikola
 54082 | Depths:1 | Found a gateway to Hell.
 54991 | Depths:2 | Reached skill level 10 in Unarmed Combat
 55873 | Depths:2 | Identified the +0 shortbow of the Middle {flame, Str+2}
 56489 | Depths:2 | Found a one-way gate leading to the halls of Pandemonium.
 56511 | Depths:2 | Found a stormy altar of Qazlal.
 56682 | Depths:3 | Noticed Jory
 56690 | Depths:3 | Killed Jory
 57012 | Depths:3 | Found a broken altar of Ashenzari.
 57129 | Depths:1 | Bought the amulet of Sumu {RegenMP rPois Regen+ Int+2} for
                  | 862 gold pieces
 58246 | Depths:3 | Found a runed translucent door.
 58252 | Depths:3 | Found a runed translucent door.
 58257 | Depths:3 | Noticed a juggernaut
 58300 | Depths:3 | Killed a juggernaut
 58362 | Depths:3 | Gained mutation: You have claws for hands. [demonic
                  | ancestry]
 58362 | Depths:3 | Reached XP level 24. HP: 214/214 MP: 12/42
 58554 | Depths:4 | Entered Level 4 of the Depths
 58564 | Depths:4 | Noticed Sojobo
 58568 | Depths:4 | Noticed Mennas
 58607 | Depths:3 | Killed from afar by a frost giant

Illustrated notes

Levels and vault maps discovered:
D:1:      dpeg_arrival_pits, layout_loops_corners, minmay_misc_feat_roman
D:2:      layout_basic, basic_altar, basic_ecumenical_altar,
          minmay_misc_feat_five, uniq_sigmund, uniq_jessica
D:3:      layout_loops_ring, serial_shops, nicolae_shop_statue_plus,
          uniq_grinder, uniq_terence
D:4:      layout_basic, chequers_temple_overflow_statue_of_worship,
          uniq_blork_the_orc, uniq_pikel
D:5:      layout_loops_corners, minmay_temple_entry_proselytizer, uniq_ijyb
D:6:      layout_cave_pools, minmay_hedge_maze
D:7:      layout_rooms, serial_shops, kennysheep_mini, shop,
          kennysheep_mini_moat, nicolae_take_the_stairs,
          nicolae_shop_behind_doors, enter_bailey_3, minmay_misc_feat_enclosed,
          uniq_menkaure
D:8:      layout_loops_ring, mainiacjoe_overflow_24_doors,
          nicolae_overflow_crystal_walls, nicolae_overflow_two_pavilions,
          lair_entry_dummy, gammafunk_ghost_necromancy, serial_shops,
          kennysheep_little_box
D:9:      layout_roguey, mainiacjoe_overflow_brackets, zombieorc1_lemuel,
          serial_ice, serial_ice_a, serial_ice_k, serial_ice_g, serial_ice_n,
          serial_ice_h, serial_ice_c
D:10:     minmay_twisted_water, layout_long_grid, nicolae_vehumet_altar_sigil
D:11:     layout_roguey, nicolae_sextant, hangedman_decor_opposing, minivault_25
D:12:     layout_layer_cave
D:13:     layout_layer_cave, david_vaults_2
D:14:     orc_temple, layout_long_grid, serial_shops, shop_fountains,
          nicolae_ru_sacrificial_ziggurat, uniq_lodul
D:15:     grunt_enter_depths_hoard, layout_basic, minmay_misc_feat_four_crosses,
          uniq_azrael
Temple:   nicolae_temple_slightly_damp_pantheon
Lair:1:   layout_concentric_octagons, basic_altar, dreamdust_gnoll_shepherd
Lair:2:   layout_chaotic_city, minmay_snake_entry_guardpost_small,
          ebering_ghost_inner_flame, infiniplex_staircase_pool_2, uniq_fannar,
          uniq_erica
Lair:3:   layout_cave_pods, nicolae_swamp_entry_splash_gauntlet, uniq_josephine
Lair:4:   layout_hall_layers, nicolae_slime_entry_field_trip,
          beast_lair_carwin_5
Lair:5:   hellmonk_lair_end_abyssal_woods, layout_misc_corridors,
          chequers_serial_rivers_micro_a
Swamp:1:  layout_basic_swamp, nicolae_swamp_some_circles, uniq_frances
Swamp:2:  layout_basic_swamp, serial_swamp_ruin, evilmike_swamp_ruin_house_2,
          evilmike_swamp_ruin_rubble_2, swamp_pool3
Swamp:3:  layout_basic_swamp, evilmike_swamp_ruin_house_4
Swamp:4:  swamp_basic_johnstein, layout_basic_swamp, swamp_pool3,
          nicolae_swamp_thats_no_hydra, uniq_louise
Snake:1:  layout_cave_shapes, minmay_shoptagon, grunt_megastairs_4, uniq_aizul
Snake:2:  layout_grid_shapes, ebering_ghost_gozag, uniq_donald, uniq_vashnia
Snake:3:  layout_gridlike, serial_shops, nicolae_shop_behind_doors,
          nicolae_snake_lava_pool, grunt_megastairs_3, minmay_shop_star,
          uniq_jorgrun
Snake:4:  johnstein_snake_rune_scales, layout_onion_interference, basic_altar,
          portal_ice_cave_entry_ugly_swarm, serial_bayou_shore_b,
          lemuel_fruit_tree
Orc:1:    layout_caves, uniq_urug
Orc:2:    st_orc_pillars, layout_diamond_mine, serial_shops, shop
Vaults:1: ontoclasm_vaults_ring_small, vaults_standard_mumra_enter_the_diamond,
          v_misc_23, vaults_dpeg_encased_lava, ontoclasm_vaults_bender,
          grunt_tower_of_power, serial_ice_h, v_pattern_5, grunt_vaults_twisty,
          layout_vaults_maze_bifur, nicolae_trove_entry_free_sample,
          serial_shops, shop
Vaults:2: hangedman_vaults_pinch, v_misc_27, nicolae_vaults_yaktaur_gun_rack,
          v_misc_16, hangedman_vaults_capsules, v_misc_3,
          nicolae_vaults_network_square, dpeg_vaults_hating_casters,
          nicolae_vaults_theta, layout_vaults_big_cross, serial_shops, shop,
          nicolae_shop_hallway_stairs
Vaults:3: nicolae_vaults_network_quinsquares
          [nicolae_vaults_network_quincunx_subvault,
          nicolae_vaults_network_quincunx_subvault,
          nicolae_vaults_network_quincunx_subvault,
          nicolae_vaults_network_quincunx_subvault], v_misc_2, v_misc_15,
          vaults_room_fancy_cross, hangedman_vaults_snaps, v_rooms_6,
          v_pattern_4, grunt_vaults_swirl, minmay_crypt_entry_vampire_xt,
          v_misc_22, sword_in_stone, vaults_room_stairs_pillars,
          layout_vaults_ring, serial_shops, nicolae_square_shop, uniq_xtahua
Vaults:4: vaults_room_hallway, hangedman_vaults_impose, v_rooms_3, v_misc_22,
          vaults_room_boxed, ontoclasm_vaults_fault,
          nicolae_vaults_ring_of_whatevers, layout_vaults_omnigrid
Depths:1: nicolae_cairo_tiling, layout_gridville, enter_ziggurat_e,
          grunt_hell_entry_dis_mu, nicolae_gozag_zags_fifth_avenue,
          nicolae_shop_sticking_my_neck_out, uniq_nikola, uniq_mara
Depths:2: minmay_spiral_squares, layout_gridlike, pf_hell_entry_tar_spiral,
          rand_demon_pan_entry_4, abyss_entry_small_statue_room,
          minmay_gold_behind_fungi, nicolae_qazlal_scattered_showers
Depths:3: thingy_vault_2, layout_honeycomb, hangedman_geh_valley, abyss_entry,
          nicolae_ashenzari_skybound, nicolae_twisting_strands, uniq_jory
Depths:4: evilmike_zot_entry_diamond, layout_long_grid, lightli_too_deep,
          minmay_misc_feat_plants, abyss_entry, grunt_pan_entry_in_and_out,
          minmay_orc_keep, uniq_grunn, uniq_mennas, uniq_sojobo

Skill      XL: |  1  2  3  4  5  6  7  8  9 10 11 12 13 14 15 16 17 18 19 20 21 22 23 |
---------------+----------------------------------------------------------------------+-----
Necromancy     | 5 7 8 9 10 11 12 14 15 16 17 20 22 23 | 23.0
Spellcasting   | 3 5 7 8 9 10 11 12 13 14 15 | 15.0
Fighting       | 3 4 6 7 8 9 11 12 13 15 17 19 21 23 | 23.2
Conjurations   | 3 |  3.0
Dodging        | 2 4 6 7 9 10 11 12 | 12.0
Earth Magic    | 3 5 6 |  6.0
Armour         | 4 5 7 9 |  9.0
Short Blades   | 3 8 |  8.0
Unarmed Combat | 7 8 12 | 12.4
Stealth        | |  1.7

Action                     |  1- 3 |  4- 6 |  7- 9 | 10-12 | 13-15 | 16-18 | 19-21 | 22-24 || total
---------------------------+-------+-------+-------+-------+-------+-------+-------+-------++-------
  Melee: Unarmed           |     3 |       |       |       |       |       |       |       ||     3
         Dagger            |     7 |    26 |   322 |   378 |   511 |       |       |       ||  1244
         Tailslap          |     4 |       |    40 |    80 |   171 |   183 |   424 |   188 ||  1090
         Punch             |     1 |       |     1 |     9 |     6 |       |       |       ||    17
         Pair of quick bla |       |       |       |       |   262 |   648 |  1396 |   646 ||  2952
         Headbutt          |       |       |       |       |    45 |   259 |   530 |   269 ||  1103
   Cast: Necrotise         |    55 |    56 |    47 |    55 |    41 |    10 |       |       ||   264
         Vampiric Draining |       |       |    31 |    37 |    21 |       |       |       ||    89
         Momentum Strike   |       |       |    18 |     2 |     1 |       |       |       ||    21
         Animate Dead      |       |       |     5 |     7 |    17 |     2 |       |       ||    31
         Dispel Undead     |       |       |       |    13 |    31 |     7 |    29 |     5 ||    85
         Borgnjor's Vile C |       |       |       |    54 |   166 |   145 |    83 |    46 ||   494
         Infestation       |       |       |       |       |       |       |    51 |    27 ||    78
 Invoke: Unearth Wretches  |       |       |       |       |     1 |       |     1 |       ||     2
         Receive Forbidden |       |       |       |       |     1 |       |       |       ||     1
  Evoke: Wand              |       |       |     2 |       |       |    15 |       |       ||    17
         Phial of floods   |       |       |       |     1 |     2 |     1 |       |       ||     4
         Condenser vane    |       |       |       |       |     1 |     1 |       |       ||     2
    Use: Potion            |       |     1 |       |       |     4 |     2 |     1 |       ||     8
         Scroll            |       |       |     2 |    20 |     7 |     1 |     3 |       ||    33
   Stab: Distracted        |       |       |     2 |     3 |     5 |     1 |     7 |     6 ||    24
         Sleeping          |       |       |    11 |     2 |       |       |       |       ||    13
         Paralysed         |       |       |       |       |     1 |       |       |       ||     1
         Confused          |       |       |       |       |     2 |     2 |       |       ||     4
         Betrayed ally     |       |       |       |       |       |     1 |       |       ||     1
 Armour: Robe              |     2 |     2 |    56 |    71 |    22 |       |       |       ||   153
         Ring mail         |       |       |       |       |   195 |   104 |       |       ||   299
         Swamp dragon scal |       |       |       |       |       |   110 |   304 |   119 ||   533
  Dodge: Dodged            |     7 |    30 |   305 |   435 |   692 |   501 |   742 |   263 ||  2975

Table legend: (Time is in decaauts)
 A = Elapsed time spent in this place.
 B = Non-inter-level travel time spent in this place.
 C = Inter-level travel time spent in this place.
 D = Time resting spent in this place.
 E = Time spent auto-exploring this place.
 F = Levels seen in this place.
 G = Mean time per level.
                   A        B        C        D        E       F      G
               +--------+--------+--------+--------+--------+-----+--------+
         Total |  56701 |  52858 |   3843 |   3061 |  40769 |  43 | 1318.6 |
       Dungeon |  19837 |  17993 |   1844 |    406 |  14808 |  15 | 1322.5 |
        Temple |    210 |    192 |     18 |      0 |    172 |   1 |  210.0 |
          Lair |   8994 |   8294 |    700 |    201 |   6684 |   5 | 1798.8 |
         Swamp |   4498 |   4368 |    130 |     29 |   3463 |   4 | 1124.5 |
     Snake Pit |   6658 |   6209 |    449 |   1086 |   4088 |   4 | 1664.5 |
  Orcish Mines |   2624 |   2531 |     93 |    518 |   1360 |   2 | 1312.0 |
        Vaults |   6589 |   6209 |    380 |     14 |   5244 |   4 | 1647.2 |
        Depths |   5330 |   5105 |    225 |    589 |   3733 |   4 | 1332.5 |
         Abyss |     29 |     29 |      0 |      0 |      0 |   1 |   29.0 |
         Trove |     92 |     92 |      0 |      0 |     67 |   1 |   92.0 |
        Bailey |    710 |    710 |      0 |    121 |    378 |   1 |  710.0 |
      Ice Cave |   1124 |   1124 |      0 |     97 |    771 |   1 | 1124.0 |
               +--------+--------+--------+--------+--------+-----+--------+

Top non-repeatable levels by time:
 Snake:1: 3382 daAuts
  Lair:5: 2541 daAuts
Depths:2: 2368 daAuts
    D:10: 2167 daAuts
 Swamp:4: 2095 daAuts
  Lair:2: 1810 daAuts
Vaults:1: 1755 daAuts
Vaults:3: 1668 daAuts
  Lair:1: 1668 daAuts
    D:14: 1656 daAuts
Vaults:4: 1640 daAuts
  Lair:3: 1634 daAuts
    D:13: 1574 daAuts
   Orc:2: 1571 daAuts
Depths:1: 1542 daAuts
